[Event "Presidents Day IM-Norm 2024"]
[Site "Santa Clara"]
[Date "2024.02.19"]
[Round "8.4"]
[White "Raja Harshit"]
[Black "Liu, Patrick"]
[Result "1-0"]
[ECO "B40"]
[WhiteElo "2508"]
[BlackElo "2130"]
[Annotator "TA"]
[PlyCount "55"]
[EventDate "2024.02.13"]
[EventType "tourn"]
[EventCountry "USA"]
[SourceTitle "playchess.com"]
[Source "ChessBase"]
[SourceQuality "1"]
[TimeControl "5400+30"]

1. e4 c5 2. Nf3 e6 3. b3 b6 4. Bb2 Bb7 5. Nc3 Nf6 6. Qe2 d6 7. d4 cxd4 8. Nxd4 {[%emt 0:00:09] White is slightly better.} a6 {[%emt 0:02:32] [#]} 9. O-O-O $1 {[%emt 0:02:43] White is more active.} Qc7 10. g4 b5 (10... Nc6 $142) 11. Bg2 Nc6 {[%emt 0:07:20] [#]} 12. Nxc6 Qxc6 {[%emt 0:03:49] [#]} 13. Nd5 $1 Nd7 (13... Qc5 14. Nxf6+) 14. e5 exd5 $2 (14... Qc8 {was called for.}) 15. exd6+ $18 ({Resist} 15. Bxd5 Qxd5 16. Rxd5 (16. exd6+ $2 {perishes.} Qe6 $19) 16... Bxd5 17. exd6+ Be6 $18) 15... Kd8 16. Bxd5 Qxd5 17. Rxd5 Bxd5 18. Re1 Bxd6 19. Qd2 Nb6 20. Bd4 Kc7 21. Bxb6+ ({Less strong is} 21. Bxg7 Rhe8 $16) 21... Kxb6 22. Qxd5 Rad8 23. Qxf7 Rhf8 24. Qxg7 Rfe8 {[%emt 0:00:00] ( -> ...Ba3+)} 25. Qd4+ Bc5 {[%emt 0:00:00] [#]} 26. Re6+ $3 Ka5 (26... Rxe6 27. Qxd8+) 27. Qc3+ Bb4 28. Qc7# {[%emt 0:00:07] Black did not feel at home in the position after the opening.   Weighted Error Value: White=0.03 (flawless) /Black=0.73.  Mistake:       	---       	Black=2      Inaccurate:     	---       	Black=2      OK:         	White=8     	Black=3      Best:        	White=5     	Black=1      Strong:       	White=1     	---} 1-0

[Event "Presidents Day IM-Norm 2024"]
[Site "Santa Clara"]
[Date "2024.02.19"]
[Round "8.5"]
[White "Vatsal Singhania"]
[Black "Guo, Ethan"]
[Result "1/2-1/2"]
[ECO "B85"]
[WhiteElo "2252"]
[BlackElo "2099"]
[Annotator "TA"]
[PlyCount "101"]
[EventDate "2024.02.13"]
[EventType "tourn"]
[EventCountry "USA"]
[SourceTitle "playchess.com"]
[Source "ChessBase"]
[SourceQuality "1"]
[TimeControl "5400+30"]

1. e4 c5 2. Nf3 d6 3. d4 cxd4 4. Nxd4 Nf6 5. Nc3 a6 6. Be2 e6 7. O-O Be7 8. f4 O-O 9. Be3 Nc6 10. a4 Qc7 11. Kh1 Nxd4 12. Qxd4 Bd7 13. Bf3 e5 14. Qd2 b5 15. a5 {[%emt 0:00:00] Die Stellung ist ausgeglichen.} Rac8 16. Bb6 Qc6 17. Rac1 Qb7 18. Rce1 Bc6 19. f5 (19. fxe5 $11 dxe5 20. Nd5) 19... Nd7 20. Be3 b4 21. Na2 Rb8 (21... Bxe4 22. Bxe4 Qxe4 23. Nxb4 $14) 22. Nc1 (22. c3 $15) 22... Nc5 $17 (22... Bxe4 23. Bxe4 Qxe4 24. Ba7 $11) 23. Bxc5 dxc5 24. Nd3 Qc7 $36 {[%emt 0:00:59][%cal Of8d8][%mdl 2048] Schwarz hat starke Initiative.} 25. b3 Bb5 (25... Qxa5 $6 26. Nxe5 Bb5 27. Nc4 $11) 26. Be2 f6 (26... Qxa5 27. Nxe5 Bh4 28. Rd1 $11) 27. Rf3 (27. Nb2 $15) 27... Rfd8 (27... Qxa5 28. Nb2 $17) 28. Rg3 (28. Qe3 $17) 28... Kh8 (28... Qxa5 29. Qh6 Bf8 30. Qxf6 $16) ({Günstiger ist} 28... c4 $19 29. Qh6 Bf8) 29. Rh3 (29. Qe3 $17) 29... c4 $1 $19 (29... Qxa5 30. Qe3 $19) 30. bxc4 {[%emt 0:00:00] [#]} Qc6 31. c5 $4 (31. cxb5 $18 {nur so kann Weiss gewinnen.} Qxb5 32. Ra1) 31... Qxc5 (31... Qxe4 32. Bf3 Qd4 (32... Qxf5 33. Be4 $11) 33. Qxb4 $17) 32. Bh5 (32. Nxc5 {ist wohl besser.} Rxd2 33. Bxb5 Rxb5 (33... Bxc5 34. Bd3 $17) 34. Nb3 Rxc2 35. g4) 32... Qc4 $2 (32... Rbc8 $19 33. Rc1 Qc3 34. Qxc3 Rxc3) 33. Bg6 $11 Bf8 $2 (33... h6 $11 34. Rxh6+ gxh6 35. Qxh6+ Kg8) 34. Qe2 $4 (34. Rxh7+ $18 {war der einzige Gewinnzug.} Kg8 35. Qe2) 34... h6 $19 35. Qg4 Rbc8 (35... Qxc2 36. Bf7 Qd2 (36... Bxd3 37. Rxh6+ gxh6 38. Qg8#) 37. Ree3 $14) 36. c3 (36. Bh5 $142) 36... Qxc3 (36... bxc3 $142 37. Nc1 c2) 37. Bf7 {[%emt 0:00:00][%cal Oh3h6] [#] Weiss will mit Rxh6+! Matt setzen.} Qd2 ({Schwächer ist} 37... Bxd3 38. Rxh6+ gxh6 39. Qg8#) 38. Rd1 Qg5 ({Nicht} 38... Qc2 39. Rxh6+ gxh6 40. Qg8#) 39. Qe2 (39. Qxg5 fxg5 40. Bd5) 39... Rc3 {[%emt 0:00:00] ...Bxd3 ist eine echte Drohung.} 40. Bd5 b3 {[%emt 0:00:00] Und ...Rc2 würde nun gewinnen.} 41. Rg3 Bxd3 42. Qb2 (42. Rgxd3 $142 Rc2 43. Qf1) 42... Qh5 $2 (42... Rc2 $19 {Zielt auf ...Bxe4 ab.} 43. Qxb3 Bxe4 44. Rxg5 fxg5) 43. Rgxd3 $15 Rxd3 44. Rxd3 Rc8 (44... Qh4 $15 45. Qb1 b2) 45. Bxb3 $11 Qh4 46. Qe2 {[%emt 0:00:00] Lässt Qe1+ nicht zu. Weiß steht etwas besser.} Rc1+ 47. Rd1 Rxd1+ 48. Bxd1 Bc5 49. g3 Qg5 50. Kg2 Qe3 51. Qxe3 {[%emt 0:21:30] Weiß entkommt ins Remis.   Gewichteter Fehlerwert: Weiß=0.99/Schwarz=0.70.  Verlustzug:     	Weiß=1     	Schwarz=1     Gewinn verpasst:   	Weiß=2     	Schwarz=2     Fehler:       	Weiß=7     	Schwarz=3     Ungenau:       	Weiß=3     	Schwarz=3     OK:         	Weiß=12    	Schwarz=8     Bester:       	Weiß=3     	Schwarz=1     Stark:        	---       	Schwarz=1} ({Viel schwächer wäre} 51. Qxa6 Qg1+ 52. Kh3 Qxd1 $17) 1/2-1/2

[Event "Presidents Day IM-Norm 2024"]
[Site "Santa Clara"]
[Date "2024.02.20"]
[Round "9.1"]
[White "Guo, Ethan"]
[Black "Yan, Nathan"]
[Result "1/2-1/2"]
[ECO "C84"]
[WhiteElo "2099"]
[BlackElo "2311"]
[Annotator "TA"]
[PlyCount "47"]
[EventDate "2024.02.13"]
[EventType "tourn"]
[EventCountry "USA"]
[SourceTitle "playchess.com"]
[Source "ChessBase"]
[SourceQuality "1"]
[TimeControl "5400+30"]

1. e4 e5 2. Nf3 Nc6 3. Bb5 a6 4. Ba4 Nf6 5. O-O Be7 6. d3 b5 7. Bb3 d6 8. h3 O-O 9. a3 Be6 10. Bxe6 fxe6 {[%emt 0:00:02] Die Stellung ist ausgeglichen.} 11. Re1 Qe8 12. Nbd2 Nh5 13. Nf1 Qg6 14. N3h2 Nf4 15. Qg4 (15. Bxf4 $11 Rxf4 16. Nd2) 15... Qxg4 16. Nxg4 ({Besser ist} 16. hxg4 $15 Nd4 17. Bxf4 exf4 18. Rac1) 16... Nd4 $17 17. Bxf4 exf4 18. Rac1 f3 19. Ng3 (19. Nd2 $17) 19... Bg5 $19 20. Ne3 {[%emt 0:00:11] Weiss hat schwache schwarze Felder} Bf4 $2 ({Günstiger ist} 20... fxg2 $19 {Droht stark ...Nf3+.} 21. Kxg2 Nf3) 21. c3 $15 {[%emt 0:03:10] [#]} Ne2+ 22. Nxe2 $11 Bxe3 23. Rc2 Bb6 24. Ng3 {[%emt 0:00:48] Gewichteter Fehlerwert: Weiß=0.28 (präzise) /Schwarz=0.39.  Gewinn verpasst:   	---       	Schwarz=1     Fehler:       	Weiß=4     	Schwarz=1     Ungenau:       	Weiß=1     	Schwarz=3     OK:         	Weiß=4     	Schwarz=3     Bester:       	Weiß=2     	Schwarz=1} ({Weiss braucht} 24. Nd4 $14) 1/2-1/2

[Event "Presidents Day IM-Norm 2024"]
[Site "Santa Clara"]
[Date "2024.02.20"]
[Round "9.2"]
[White "Liu, Patrick"]
[Black "Vatsal Singhania"]
[Result "1/2-1/2"]
[ECO "E04"]
[WhiteElo "2130"]
[BlackElo "2252"]
[Annotator "TA"]
[PlyCount "45"]
[EventDate "2024.02.13"]
[EventType "tourn"]
[EventCountry "USA"]
[SourceTitle "playchess.com"]
[Source "ChessBase"]
[SourceQuality "1"]
[TimeControl "5400+30"]

1. d4 Nf6 2. c4 e6 3. g3 d5 4. Nf3 a6 5. Bg2 dxc4 6. O-O Nc6 7. Qc2 Nxd4 8. Nxd4 Qxd4 9. Nd2 {[%emt 0:00:00] The position is equal.} c3 10. bxc3 Qe5 11. Rb1 {[%emt 0:00:00][%mdl 1024] White has compensation.} Rb8 (11... Bc5 $11 {remains equal.}) 12. Nc4 $16 Qc5 13. Qb3 {[%emt 0:00:00] White is more active.} ({Better is} 13. Qd3 $16) 13... Nd5 14. e4 (14. a4 $16) 14... Nb6 $1 $11 15. Nxb6 Qxb6 16. Qxb6 cxb6 17. Bf4 Ra8 18. Rxb6 Bc5 {[%emt 0:00:00] Against Be3} 19. Rb2 b5 20. Rd1 Bb7 21. a4 {[%emt 0:00:00] White is slightly better.} Bc6 22. axb5 Bxb5 23. Bf1 {[%emt 0:00:00] Weighted Error Value: White=0.17 (very precise) /Black=0.17 (very precise) .  Mistake:       	White=2     	Black=1      Inaccurate:     	White=1     	Black=3      OK:         	White=9     	Black=3      Best:        	---       	Black=2      Strong:       	---       	Black=1} 1/2-1/2

[Event "Presidents Day IM-Norm 2024"]
[Site "Santa Clara"]
[Date "2024.02.20"]
[Round "9.3"]
[White "Stevens, Adam B"]
[Black "Raja Harshit"]
[Result "1/2-1/2"]
[ECO "E11"]
[WhiteElo "1878"]
[BlackElo "2508"]
[Annotator "RC"]
[PlyCount "44"]
[EventDate "2024.02.13"]
[EventType "tourn"]
[EventCountry "USA"]
[SourceTitle "playchess.com"]
[Source "ChessBase"]
[SourceQuality "1"]
[TimeControl "5400+30"]

1. d4 Nf6 2. c4 e6 3. Nf3 d5 4. g3 Bb4+ 5. Bd2 a5 6. Qc2 O-O 7. Bg2 c5 8. cxd5 cxd4 9. Nxd4 Qb6 10. e3 exd5 11. O-O Nc6 12. Nxc6 bxc6 13. Rc1 Bd7 14. Nc3 h5 15. Na4 Qd8 16. Bxb4 axb4 17. Nc5 Bc8 18. Nb3 Ra6 19. Nc5 Rb6 20. Na4 Rb8 21. Qxc6 d4 22. exd4 Bb7 1/2-1/2

[Event "Presidents Day IM-Norm 2024"]
[Site "Santa Clara"]
[Date "2024.02.20"]
[Round "9.4"]
[White "Cardoso Cardoso, Jose Gabriel"]
[Black "Bansal, Advay"]
[Result "1-0"]
[ECO "D80"]
[WhiteElo "2477"]
[BlackElo "2253"]
[Annotator "TA"]
[PlyCount "99"]
[EventDate "2024.02.13"]
[EventType "tourn"]
[EventCountry "USA"]
[SourceTitle "playchess.com"]
[Source "ChessBase"]
[SourceQuality "1"]
[TimeControl "5400+30"]

1. d4 Nf6 2. c4 g6 3. Nc3 d5 4. h4 c6 5. cxd5 cxd5 6. Nf3 {[%emt 0:00:26] D80: Grünfeld: Unusual White 4th moves and 4 Bg5.} Bg7 7. Bf4 Nc6 8. e3 O-O 9. Qb3 Na5 10. Qa3 b6 11. Ne5 $146 ({Predecessor:} 11. Rc1 Bb7 12. Be2 Nc4 13. Qb3 Rc8 14. O-O a6 15. a4 e6 16. Rc2 Nd7 17. Rd1 {½-½ Xiong,J (2674)-Ipatov,A (2660) Saint Louis Winter-A 2017 (3)}) 11... Bb7 12. Be2 Nc6 ({Black should play} 12... Rc8 $11) 13. h5 e6 14. hxg6 hxg6 15. Ba6 Qc8 $1 16. Nxc6 Qxc6 17. Bb5 Qc8 18. Qe7 a6 19. Be5 Qd8 $1 20. Qxb7 axb5 21. Nxb5 Ne4 {[%emt 0:04:09] ...Qg5 would now be deadly.} 22. Qc7 Qg5 23. Bxg7 {[%emt 0:00:00] Be5 is the strong threat.} (23. Qxb6 $2 Qxg2 24. Rf1 Bxe5 25. dxe5 Rfb8 $19) 23... Qxg2 24. Rh2 $1 Qg1+ 25. Ke2 Qxa1 26. Be5 Qxb2+ (26... Qxa2 27. Rh8#) 27. Kf1 (27. Kf3 $5 Ng5+ $8 (27... Qxb5 28. Rh8#) 28. Kf4 $11) 27... Ng3+ $1 (27... Qxb5+ 28. Kg2) 28. Bxg3 {[%emt 0:00:00][%cal Og3e5] Be5! would kill now.} Qb1+ $1 (28... Qxb5+ $2 29. Kg2 Qe2 (29... Rxa2 $2 30. Be5 $18) 30. Qe7 $18) 29. Kg2 Qe4+ $1 (29... Qxb5 30. Be5) 30. Kf1 {[%emt 0:00:00] Intending Be5 and mate.} Rxa2 {[%emt 0:09:12] Strongly threatening ...Qf3.} (30... Rfc8 31. Be5 Qd3+ 32. Kg2 Qe4+ 33. Kg3) 31. Nc3 Ra1+ 32. Ke2 Qg4+ 33. Kd2 {[%emt 0:00:00][%cal Og3e5] And now Be5! would win.} Rfa8 {[%emt 0:00:56][%cal Oa8a2] ( -> ...R8a2+!)} 34. f3 (34. Qxb6 R8a2+ 35. Nxa2 Qd1+ 36. Kc3 Qe1+ 37. Kb3 Rb1+ 38. Ka4 Rxb6) 34... Qxf3 35. Qe5 $1 {[%emt 0:00:10][%csl Ge5][%cal Rh2h8] Wards off R1a2+} (35. Rf2 $2 R8a2+ 36. Nxa2 Rxa2+ $19) 35... R8a2+ 36. Nxa2 Rxa2+ 37. Kc3 Rxh2 38. Bxh2 Qd1 39. Qb8+ Kh7 40. Be5 Qc1+ 41. Kb3 Qc4+ 42. Kb2 Qe2+ 43. Kc3 Qe1+ 44. Kb3 Qxe3+ $2 (44... f6 $11 {and Black has nothing to worry.} 45. Qc7+ (45. Bxf6 Qb1+ 46. Ka4 Qd1+ 47. Kb4 Qb1+ 48. Ka4 Qa1+ 49. Kb4 Qb1+ 50. Ka4 $11) 45... Kh6 46. Bxf6 Qb1+ 47. Ka3 Qa1+ 48. Kb3 Qb1+ 49. Ka4 (49. Ka3 Qa1+ 50. Kb3 Qb1+ $11) 49... Qa1+ 50. Kb5 Qf1+ 51. Kc6 Qxf6 52. Qh2+ Kg7 (52... Kg5 53. Qg2+ Kh6 54. Qh2+ Kg7 55. Qc7+ Kh8 56. Qb8+ Kh7 57. Kxb6 $17) 53. Qc7+ Kg8 54. Qc8+ Kf7 55. Qc7+ Qe7 56. Qf4+ (56. Qxe7+ Kxe7 57. Kb5 g5 58. e4 dxe4 59. Kc4 g4 60. d5 exd5+ 61. Kd4 g3 62. Ke3 Ke6 63. Ke2 d4 64. Ke1 e3 65. Ke2 g2 66. Kd1 g1=Q+ 67. Ke2 Qg2+ 68. Kd3 e2 69. Kd2 b5 70. Kd3 e1=Q 71. Kxd4 Qd5#) 56... Kg8 57. Kxb6 Qd8+ 58. Kb5 g5) 45. Ka4 $18 g5 46. Qh8+ ({Not} 46. Qxb6 Qf3 $14) 46... Kg6 47. Qf6+ Kh5 48. Qxf7+ Kh4 49. Qxe6 Qe4 50. Kb5 1-0